 Dungeon Crawl Stone Soup version 0.24-a0-232-g49d9ff8 (webtiles) character file.

Game seed: 1070135839835254230

15 MatthieuS the Grave Robber (level 2, -1/19 HPs)
             Began as a Demonspawn Necromancer on Apr 4, 2019.
             Slain by a jackal (2 damage)
             ... on level 1 of the Dungeon.
             The game lasted 00:01:34 (680 turns).

MatthieuS the Grave Robber (Demonspawn Necromancer)  Turns: 680, Time: 00:01:35

Health: -1/19      AC:  2    Str:  8    XL:     2   Next: 34%
Magic:  0/5        EV: 17    Int: 16    God:
Gold:   18         SH:  0    Dex: 20    Spells: 4/5 levels left

rFire    . . .     SeeInvis .   (no weapon)
rCold    . . .     Gourm    .   (no shield)
rNeg     . . .     Faith    .   a - +0 robe
rPois    .         Spirit   .   (no helmet)
rElec    .         Reflect  .   (no cloak)
rCorr    .         Harm     .   (no gloves)
MR       .....     Rnd*Tele +   (no boots)
Stlth    ++++......             (no amulet)
HPRegen  0.06/turn              b - ring of teleportation (curse)
MPRegen  0.09/turn              (no ring)

@: agile, very slightly contaminated
A: thin skeletal structure 1
a: no special abilities


You were on level 1 of the Dungeon.
You were not hungry.

You visited 1 branch of the dungeon, and saw 1 of its levels.

You collected 18 gold pieces.

Inventory:

Armour
 a - a +0 robe (worn)
Jewellery
 b - a cursed ring of teleportation (left hand)
   (You found it on level 1 of the Dungeon)
Comestibles
 c - a chunk of flesh
 e - 2 rations


   Skills:
 - Level 1.7 Dodging
 + Level 2.2 Stealth
 + Level 2.3 Spellcasting
 + Level 4.6 Necromancy


You had 4 spell levels left.
You knew the following spells:

 Your Spells              Type           Power        Failure   Level  Hunger
a - Pain                  Necr           ###.         3%          1    #......

Your spell library contained the following spells:

 Spells                   Type           Power        Failure   Level  Hunger
 Animate Skeleton         Necr           N/A          3%          1    #......
 Vampiric Draining        Necr           ###.......   9%          3    ###....
 Regeneration             Chrm/Necr      #.........   24%         3    ###....
 Animate Dead             Necr           N/A          30%         4    #####..


Dungeon Overview and Level Annotations

Branches:
Dungeon (1/15)

Altars:
Cheibriados


Innate Abilities, Weirdness & Mutations

You have a somewhat thin skeletal structure. (Dex +2, Stealth)


Message History

Your surroundings suddenly seem different.
Aim: an ooze (hasn't noticed you, chance to defeat MR: 75%)
The ooze writhes in agony.
Aim: an ooze (heavily wounded, chance to defeat MR: 75%)
The ooze writhes in agony.
You feel strangely unstable.
You are suddenly yanked towards some nearby monsters!
Your surroundings suddenly seem different.
Found 8 gold pieces.
A jackal and an ooze come into view.
Aim: an ooze (resting, chance to defeat MR: 75%)
The ooze struggles to resist.
Aim: an ooze (chance to defeat MR: 75%)
The ooze writhes in agony.
Aim: an ooze (moderately wounded, chance to defeat MR: 75%)
The ooze struggles to resist.
You don't have enough magic to cast that spell.
Found a scroll labeled ZIFFEU XUHAFIO. 2 rats and a jackal come into view.
Found 10 gold pieces.
Aim: an ooze (moderately wounded, chance to defeat MR: 75%)
You miscast Pain.
You are very lightly contaminated with residual magic.
You sense a malignant aura.
The jackal barks!
The ooze closely misses you.
You don't have enough magic to cast that spell.
As you read the scroll labeled YXODIY HOMPO, it crumbles to dust.
You feel aware of your surroundings.
It was a scroll of magic mapping.
The ooze closely misses you.
It was a potion of agility.
You feel agile all of a sudden. The rat barely misses you. The ooze misses you.
You hit the ooze but do no damage. The jackal bites you.
* * * LOW HITPOINT WARNING * * *
A hobgoblin comes into view.
The ooze hits you.
* * * LOW HITPOINT WARNING * * *
The rat misses you.
You hit the ooze but do no damage. The jackal completely misses you.
The ooze completely misses you. The rat bites you.
* * * LOW HITPOINT WARNING * * *
The jackal closely misses you.
You barely miss the ooze. The jackal misses you. The ooze closely misses you.
The rat closely misses you.
Unknown command.
You hit the ooze but do no damage. The jackal barely misses you.
The ooze barely misses you. The rat misses you.
Unknown command.
You hit the ooze but do no damage. The jackal bites you.
You die...

*,,,,,,,,,≈≈≈≈≈,*
*....$..P≈.≈.≈≈,*
#******##.......≈P.≈≈≈**
##..,,,......#..P.≈≈,,,*
.............g....,,,,**
#..,.............#*****
*,,,.....$.....r.#
,,,,...........hr#
,,,,..........hJ@#
,,,,.......###.###
,,,,.......###.#
*,,,...........#
,,*,...##..#####
***,,,....#* ,,,,......*
***,.....** **,.....*


You could see an ooze, 2 jackals, a hobgoblin and 2 rats.

Vanquished Creatures
  A dart slug (D:1)
  A bat (D:1)
  2 giant cockroaches (D:1)
  A hobgoblin (D:1)
  A frilled lizard (D:1)
  3 goblins (D:1)
  2 kobolds (D:1)
  A rat (D:1)
12 creatures vanquished.

Notes
Turn   | Place    | Note
-------+----------+-------------------------------------------
     0 | D:1      | MatthieuS the Demonspawn Necromancer began the quest for
                  | the Orb.
     0 | D:1      | Reached XP level 1. HP: 13/13 MP: 3/3
   354 | D:1      | Gained mutation: You have a somewhat thin skeletal
                  | structure. (Dex +2, Stealth) [demonic ancestry]
   354 | D:1      | Reached XP level 2. HP: 1/19 MP: 1/5
   606 | D:1      | Found a snail-covered altar of Cheibriados.
   680 | D:1      | Slain by a jackal

Levels and vault maps discovered:
D:1:      onia_arrival_mini_spirals, layout_rooms, serial_bayou_pond_b,
          minmay_misc_feat_roman, cheibriados_altar_1

Skill      XL: |  1 |
---------------+----+-----
Stealth        | 2 |  2.2
Dodging        | |  1.7
Spellcasting   | |  2.3
Necromancy     | |  4.6

Action                   || total
-------------------------++-------
Melee: Unarmed           ||    15
 Cast: Pain              ||    25
  Use: Scroll            ||     1
       Potion            ||     1
Armor: Robe              ||     2
Dodge: Dodged            ||    27

Table legend:
 A = Non-vault XP
 B = Vault XP
 C = Vault XP percentage of total XP
 D = Non-vault monster count
 E = Vault monster count
 F = Vault count percentage of total count
                 A         B        C        D         E       F
            +---------+---------+-------+---------+---------+-------
      Total |      22 |       0 |   0.0 |      12 |       0 |   0.0
            +---------+---------+-------+---------+---------+-------
        D:1 |      22 |       0 |   0.0 |      12 |       0 |   0.0
            +---------+---------+-------+---------+---------+-------
